[Event "ICC tourney 2532 (25 5)"]
[Site "Internet Chess Club"]
[Date "2021.04.25"]
[Round "6"]
[White "ORUGANTI, SURAJ:K12-15521792"]
[Black "LADAN, NICHOLAS:K12-15092641"]
[Result "1-0"]
[ICCResult "Black resigns"]
[WhiteElo "1771"]
[BlackElo "2083"]
[Opening "Two knights defense (Modern bishop's opening)"]
[ECO "C55"]
[NIC "IG.01"]
[Time "13:01:57"]
[PlyCount "61"]
[TimeControl "1500+5"]

1. e4 e5 2. Nf3 Nc6 3. Bc4 Nf6 4. d3 h6 5. O-O d6 6. h3 g6 7. c3 Bg7 8.
Nbd2 O-O 9. b4 d5 10. Bb3 a6 11. a4 Be6 12. Re1 Re8 13. Bb2 b5 14. Qc2 dxe4
15. dxe4 Nh5 16. Bxe6 Rxe6 17. Nb3 Rd6 18. Nc5 Nf4 19. Nb7 Qf6 20. Nxd6
cxd6 21. axb5 Nd8 22. bxa6 Nxh3+ 23. gxh3 Qxf3 24. Re3 Qh5 25. b5 d5 26. b6
d4 27. b7 dxe3 28. bxa8=Q Qg5+ 29. Kf1 Qh4 30. Qc8 Kh7 31. Qg4 { Black
resigns } 1-0

[Event "ICC tourney 2532 (25 5)"]
[Site "Internet Chess Club"]
[Date "2021.04.25"]
[Round "6"]
[White "BELLUSH, IAN:K12-15375567"]
[Black "WANG, ANDREW:K12-14159754"]
[Result "0-1"]
[ICCResult "White checkmated"]
[WhiteElo "1373"]
[BlackElo "1840"]
[Opening "Nimzo-Indian defense"]
[ECO "E20"]
[NIC "NI.30"]
[Time "13:01:04"]
[PlyCount "58"]
[TimeControl "1500+5"]

1. d4 Nf6 2. c4 e6 3. Nc3 Bb4 4. Bd2 d5 5. e3 O-O 6. Nf3 b6 7. Be2 Ba6 8.
cxd5 Bxe2 9. Qxe2 exd5 10. Ne5 Nbd7 11. Nc6 Qe8 12. Nxb4 Qe6 13. O-O c5 14.
Nc2 Rac8 15. Rac1 Rfe8 16. dxc5 bxc5 17. Rfe1 Ne5 18. e4 d4 19. Nb5 d3 20.
Qe3 dxc2 21. Rxc2 a6 22. Na7 Rc7 23. Rxc5 Rxc5 24. Qxc5 Nd3 25. Qe3 Nxe1
26. Qxe1 Nxe4 27. f3 Nxd2 28. Qxd2 Qb6+ 29. Qf2 Re1# { White checkmated }
0-1

[Event "ICC tourney 2532 (25 5)"]
[Site "Internet Chess Club"]
[Date "2021.04.25"]
[Round "6"]
[White "K HARRIS, ALEX:K12-14223018"]
[Black "AWASTHI, ATHARVA:K12-15383400"]
[Result "1/2-1/2"]
[ICCResult "Game drawn by repetition"]
[WhiteElo "1805"]
[BlackElo "1080"]
[Opening "King's Indian: London system"]
[ECO "A48"]
[NIC "QP.03"]
[Time "13:01:04"]
[PlyCount "75"]
[TimeControl "1500+5"]

1. d4 Nf6 2. Nf3 g6 3. Bf4 Bg7 4. e3 d5 5. Bd3 O-O 6. h3 c5 7. c3 Nc6 8.
O-O Nd7 9. Bb5 e5 10. Bxc6 bxc6 11. Nxe5 Nxe5 12. Bxe5 Bxe5 13. dxe5 Qg5
14. f4 Qe7 15. Nd2 Ba6 16. Rf2 Bd3 17. Nf3 c4 18. Nh2 h5 19. g4 Qh4 20.
gxh5 Qg3+ 21. Rg2 Qxe3+ 22. Rf2 Qxh3 23. Rf3 Qxh5 24. Rg3 Qxd1+ 25. Rxd1
Rab8 26. Rd2 Bb1 27. Ng4 Kg7 28. Nf6 Rb7 29. Rh2 Rh8 30. Rxh8 Kxh8 31. Rh3+
Kg7 32. Rh7+ Kf8 33. Rh8+ Kg7 34. Rh7+ Kf8 35. Rh8+ Kg7 36. Rh7+ Kf8 37.
Rh8+ Kg7 38. Rh7+ { Game drawn by repetition } 1/2-1/2

[Event "ICC tourney 2532 (25 5)"]
[Site "Internet Chess Club"]
[Date "2021.04.25"]
[Round "6"]
[White "K ENG, ANDREW:K12-14538963"]
[Black "IYER, AKSHAT:K12-15718767"]
[Result "0-1"]
[ICCResult "White resigns"]
[WhiteElo "1106"]
[BlackElo "1621"]
[Opening "Caro-Kann: advance variation"]
[ECO "B12"]
[NIC "CK.04"]
[Time "13:01:53"]
[PlyCount "90"]
[TimeControl "1500+5"]

1. e4 c6 2. d4 d5 3. e5 Bf5 4. Nf3 e6 5. Nc3 Nd7 6. Be2 Ne7 7. O-O Ng6 8.
h3 h5 9. Bd2 Be7 10. Re1 h4 11. Qc1 Qc7 12. Bg5 f6 13. exf6 gxf6 14. Bd2
O-O-O 15. Bd3 Bxd3 16. cxd3 e5 17. dxe5 Ngxe5 18. Nxe5 Nxe5 19. Bf4 Bd6 20.
Bxe5 Bxe5 21. Ne2 Rdg8 22. Kh1 Qb6 23. Qe3 Qxe3 24. fxe3 Bxb2 25. Rab1 Be5
26. d4 Bd6 27. Rb2 Rg7 28. Reb1 Rhg8 29. Nf4 Bxf4 30. exf4 Re8 31. a4 Re4
32. a5 Rxd4 33. a6 b6 34. Rf2 Re7 35. Rc1 c5 36. Rf3 Rde4 37. Kh2 d4 38. f5
Re3 39. Rf4 R7e4 40. Rg4 Rxg4 41. hxg4 d3 42. Rd1 c4 43. g5 fxg5 44. f6 Kd7
45. f7 Ke7 { White resigns } 0-1

[Event "ICC tourney 2532 (25 5)"]
[Site "Internet Chess Club"]
[Date "2021.04.25"]
[Round "6"]
[White "ELLIS, PRESTON:K12-16267430"]
[Black "NOAM KUTIKOV, JONAH:K12-15612157"]
[Result "0-1"]
[ICCResult "White checkmated"]
[WhiteElo "733"]
[BlackElo "1564"]
[Opening "Sicilian"]
[ECO "B50"]
[NIC "SI.01"]
[Time "13:01:22"]
[PlyCount "88"]
[TimeControl "1500+5"]

1. e4 c5 2. Nf3 d6 3. Nc3 Nc6 4. d3 Nf6 5. Be3 g6 6. g3 Bg7 7. Bg2 O-O 8.
O-O Bd7 9. Nd5 Rb8 10. c4 Nxd5 11. cxd5 Ne5 12. Nxe5 Bxe5 13. Rb1 f5 14.
Bh6 Rf7 15. f4 Bd4+ 16. Kh1 b5 17. e5 dxe5 18. d6 exd6 19. Bd5 Bc8 20.
Bxf7+ Kxf7 21. h4 Bb7+ 22. Kh2 e4 23. Qb3+ d5 24. Rfe1 e3 25. Qxb5 Qe8 26.
Qa5 Qc6 27. Rbc1 Ba6 28. b3 Qb6 29. Qa4 Qb5 30. Qa3 Qxd3 31. Qa5 Qd2+ 32.
Qxd2 exd2 33. Rcd1 dxe1=Q 34. Rxe1 Re8 35. Rxe8 Kxe8 36. h5 Bf6 37. Kh3 d4
38. hxg6 hxg6 39. Bg5 Bxg5 40. fxg5 d3 41. Kh4 d2 42. g4 d1=Q 43. gxf5 gxf5
44. g6 Qg4# { White checkmated } 0-1

[Event "ICC tourney 2532 (25 5)"]
[Site "Internet Chess Club"]
[Date "2021.04.25"]
[Round "6"]
[White "KOVACS, JEREMY:K12-15030650"]
[Black "XU, JAYDEN:K12-15918365"]
[Result "0-1"]
[ICCResult "White checkmated"]
[WhiteElo "1303"]
[BlackElo "1773"]
[Opening "Sicilian: Najdorf, Lipnitzky attack"]
[ECO "B86"]
[NIC "SI.13"]
[Time "13:01:22"]
[PlyCount "108"]
[TimeControl "1500+5"]

1. e4 c5 2. Nf3 d6 3. d4 cxd4 4. Nxd4 Nf6 5. Nc3 a6 6. Bc4 e6 7. Bg5 Be7 8.
Bxf6 Bxf6 9. O-O b5 10. Be2 Bb7 11. Qd3 Nd7 12. Rad1 O-O 13. Nf3 Nc5 14.
Qxd6 Qxd6 15. Rxd6 Bxe4 16. b4 Bxc3 17. bxc5 Rfd8 18. Rfd1 Bd5 19. a4 Rxd6
20. cxd6 bxa4 21. Rb1 a3 22. Bxa6 a2 23. Rd1 a1=Q 24. Rxa1 Bxa1 25. d7 Bf6
26. Bb5 Ra1+ 27. Bf1 Bc4 28. Nd2 Bxf1 29. Nxf1 Rd1 30. d8=Q+ Bxd8 31. c4
Rc1 32. c5 Rxc5 33. Ne3 Rc1+ 34. Nf1 e5 35. g3 f5 36. Kg2 e4 37. Ne3 g6 38.
h4 Bb6 39. Nd5 Bc5 40. Nf6+ Kg7 41. Nd7 Rc2 42. Kh3 Bxf2 43. Ne5 e3 44. g4
e2 45. Nf3 e1=Q 46. Nxe1 Bxe1 47. gxf5 Rc3+ 48. Kg4 gxf5+ 49. Kxf5 Bxh4 50.
Kg4 Rc4+ 51. Kh5 Kf6 52. Kh6 Bg5+ 53. Kxh7 Kf7 54. Kh8 Rh4# { White
checkmated } 0-1

[Event "ICC tourney 2532 (25 5)"]
[Site "Internet Chess Club"]
[Date "2021.04.25"]
[Round "6"]
[White "NAIR, ADVAIT:K12-15900267"]
[Black "SARTORIO, WILLIAM:K12-14715380"]
[Result "1/2-1/2"]
[ICCResult "Game drawn by mutual agreement"]
[WhiteElo "1749"]
[BlackElo "2063"]
[Opening "Sicilian defense"]
[ECO "B40"]
[NIC "SI.43"]
[Time "13:01:58"]
[PlyCount "70"]
[TimeControl "1500+5"]

1. e4 c5 2. Nf3 e6 3. c3 Nf6 4. e5 Nd5 5. Bc4 Nb6 6. Bb3 Nc6 7. d4 cxd4 8.
cxd4 d6 9. exd6 Bxd6 10. O-O O-O 11. Nc3 Nb4 12. a3 N4d5 13. Be3 Bd7 14.
Qd3 Rc8 15. Rac1 Bc6 16. Ne4 Nf6 17. Nxd6 Qxd6 18. Ne5 Bd5 19. Bxd5 Nbxd5
20. Bd2 Nd7 21. Qg3 f6 22. Bh6 Qe7 23. Bxg7 Qxg7 24. Nxd7 Rfd8 25. Nc5 Qxg3
26. hxg3 Re8 27. Nxb7 Rxc1 28. Rxc1 Rb8 29. Nc5 Rxb2 30. Nxe6 Kf7 31. Nd8+
Ke8 32. Nc6 Kd7 33. Na5 Rb5 34. Nc4 Rb3 35. a4 Rd3 { Game drawn by mutual
agreement } 1/2-1/2

[Event "ICC tourney 2532 (25 5)"]
[Site "Internet Chess Club"]
[Date "2021.04.25"]
[Round "6"]
[White "OSKIPER, CONSTANTINE:K12-14338863"]
[Black "TSAY, VINCENT:K12-15297685"]
[Result "1/2-1/2"]
[ICCResult "Game drawn because neither player has mating material"]
[WhiteElo "1909"]
[BlackElo "2392"]
[Opening "Catalan: closed, 5.Nf3"]
[ECO "E06"]
[NIC "CA.05"]
[Time "13:00:33"]
[PlyCount "140"]
[TimeControl "1500+5"]

1. d4 d5 2. c4 e6 3. Nf3 Nf6 4. g3 Be7 5. Bg2 O-O 6. O-O dxc4 7. Ne5 Nc6 8.
Bxc6 bxc6 9. Nxc6 Qe8 10. Nxe7+ Qxe7 11. Qa4 e5 12. dxe5 Qxe5 13. Nc3 Ne4
14. Qxc4 Nxc3 15. bxc3 Be6 16. Qd3 Rad8 17. Bf4 Qh5 18. Qe3 Rde8 19. Rfd1
Bb3 20. axb3 Rxe3 21. Bxe3 Qxe2 22. Rd2 Qb5 23. b4 a6 24. Ra5 Qb7 25. Rda2
Rd8 26. Ra1 h6 27. Rxa6 Qf3 28. Ra7 Rd7 29. Bd4 Re7 30. b5 Qe2 31. Ra8+ Kh7
32. b6 cxb6 33. Bxb6 Qf3 34. Bd4 h5 35. h4 f6 36. R8a5 Kg6 37. Ra7 Re6 38.
R7a4 Re2 39. Ra7 Qe4 40. Rc7 Kh6 41. Kh2 Qf5 42. Be3+ Rxe3 43. fxe3 Qf2+
44. Kh3 Qxe3 45. Rca7 Qxc3 46. R1a2 Qc6 47. Kh2 Qf3 48. R7a3 Qf1 49. Rd2
Kg6 50. Ra7 Qc4 51. Rf2 Qc5 52. Raa2 Kh6 53. Rae2 Qd4 54. Rd2 Qe5 55. Rde2
Qc7 56. Re4 Qc6 57. Ree2 Kg6 58. Re3 Kh6 59. Ree2 g5 60. hxg5+ Kxg5 61. Rf4
Qd6 62. Ref2 Qe5 63. Rxf6 Qxf6 64. Rxf6 Kxf6 65. Kh3 Kg5 66. Kh2 Kf5 67.
Kh3 Kg5 68. Kh2 Kg4 69. Kg2 h4 70. gxh4 Kxh4 { Game drawn because neither
player has mating material } 1/2-1/2

[Event "ICC tourney 2532 (25 5)"]
[Site "Internet Chess Club"]
[Date "2021.04.25"]
[Round "6"]
[White "KYLER GRAY, JONATHAN:K12-17137908"]
[Black "PRABHU, NAVEEN:K12-14949284"]
[Result "0-1"]
[ICCResult "White checkmated"]
[WhiteElo "1386"]
[BlackElo "2037"]
[Opening "French: Winawer, advance, poisoned pawn, Konstantinopolsky variation"]
[ECO "C18"]
[NIC "FR.11"]
[Time "13:01:57"]
[PlyCount "58"]
[TimeControl "1500+5"]

1. e4 e6 2. d4 d5 3. Nc3 Bb4 4. e5 c5 5. a3 Bxc3+ 6. bxc3 Ne7 7. Qg4 Qc7 8.
Qxg7 Rg8 9. Qxh7 cxd4 10. Ne2 dxc3 11. Qd3 Qxe5 12. Bf4 Qh8 13. Qxc3 f6 14.
Bd6 Nbc6 15. Nd4 Nxd4 16. Qxd4 Bd7 17. Bxe7 Kxe7 18. Qb4+ Kd8 19. Qxb7 Rc8
20. Qxa7 f5 21. Qa5+ Ke8 22. Rb1 Rxc2 23. Bb5 Qe5+ 24. Kd1 Rxf2 25. Bxd7+
Kf7 26. Bxe6+ Kf6 27. Bxf5 Qe2+ 28. Kc1 Rc8+ 29. Bxc8 Qc2# { White
checkmated } 0-1

[Event "ICC tourney 2532 (25 5)"]
[Site "Internet Chess Club"]
[Date "2021.04.25"]
[Round "6"]
[White "SAI BOLLU, RIKHIL:K12-15376418"]
[Black "DENG, GRACE:K12-16640696"]
[Result "0-1"]
[ICCResult "White checkmated"]
[WhiteElo "922"]
[BlackElo "1438"]
[Opening "Konstantinopolsky opening"]
[ECO "C44"]
[NIC "KP.10"]
[Time "13:00:34"]
[PlyCount "64"]
[TimeControl "1500+5"]

1. e4 e5 2. Nf3 Nc6 3. g3 Nf6 4. Bg2 Bc5 5. Nc3 d6 6. O-O O-O 7. d3 h6 8.
Be3 Bb6 9. d4 exd4 10. Bxd4 Nxd4 11. Nxd4 Re8 12. Nf5 Bd7 13. Bh3 Bc6 14.
Nd5 Rxe4 15. Bg2 Re5 16. Re1 Nxd5 17. Qg4 Qf6 18. Rxe5 dxe5 19. Re1 Ne7 20.
Rxe5 Qxe5 21. Nxh6+ Kf8 22. Bxc6 Qe1+ 23. Kg2 Qxf2+ 24. Kh3 bxc6 25. Qh5
Qf1+ 26. Kg4 Qe2+ 27. Kh4 Qxh5+ 28. Kxh5 gxh6 29. Kxh6 Ng6 30. g4 Ke7 31.
g5 Rh8+ 32. Kg7 Bd4# { White checkmated } 0-1

[Event "ICC tourney 2532 (25 5)"]
[Site "Internet Chess Club"]
[Date "2021.04.25"]
[Round "6"]
[White "KHAN, SAMI:K12-17055117"]
[Black "WANG, ALEXANDER:K12-16227962"]
[Result "0-1"]
[ICCResult "White resigns"]
[WhiteElo "1014"]
[BlackElo "1491"]
[Opening "QGD"]
[ECO "D52"]
[NIC "SL.03"]
[Time "13:01:54"]
[PlyCount "50"]
[TimeControl "1500+5"]

1. d4 d5 2. c4 c6 3. Nf3 Nf6 4. Nc3 e6 5. Bg5 Nbd7 6. e3 Be7 7. Bd3 dxc4 8.
Bxc4 b5 9. Bd3 a6 10. O-O Bb7 11. Rc1 O-O 12. Bxf6 Nxf6 13. Ne2 Rc8 14. a4
Qb6 15. Ne5 c5 16. axb5 axb5 17. dxc5 Rxc5 18. f4 Rfc8 19. Qd2 Rd8 20. Ng3
Ne4 21. Nxe4 Bxe4 22. Qe2 Rxe5 23. fxe5 Bxd3 24. Qf3 Bxf1 25. Rxf1 Rf8 {
White resigns } 0-1

[Event "ICC tourney 2532 (25 5)"]
[Site "Internet Chess Club"]
[Date "2021.04.25"]
[Round "6"]
[White "KUMAR KOTHAPALLI, PRADHYUMNA:K12-15273893"]
[Black "VENKATESH NATARAJAN, ARAVINTH:K12-17300200"]
[Result "1-0"]
[ICCResult "Black checkmated"]
[WhiteElo "2140"]
[BlackElo "1824"]
[Opening "KP: Nimzovich defense"]
[ECO "B00"]
[NIC "VO.04"]
[Time "13:01:00"]
[PlyCount "57"]
[TimeControl "1500+5"]

1. e4 Nc6 2. d4 e5 3. d5 Nce7 4. c4 Ng6 5. Nf3 Nf6 6. Bd3 Bb4+ 7. Kf1 O-O
8. a3 Be7 9. h3 d6 10. Nc3 Nh5 11. Kg1 Nhf4 12. Bf1 Nh8 13. Be3 f5 14. g3
Nfg6 15. exf5 Bxf5 16. h4 Bg4 17. Be2 h5 18. Ng5 Bxe2 19. Qxe2 Bxg5 20.
hxg5 h4 21. Ne4 Qd7 22. Re1 Nf4 23. Bxf4 exf4 24. Qh5 Nf7 25. Nf6+ gxf6 26.
Qg6+ Kh8 27. Rxh4+ Nh6 28. Rxh6+ Qh7 29. Rxh7# { Black checkmated } 1-0

[Event "ICC tourney 2532 (25 5)"]
[Site "Internet Chess Club"]
[Date "2021.04.25"]
[Round "6"]
[White "RAFAEL SANTOS, ENERIO:K12-16804573"]
[Black "GOPINATH, ABHINAYA:K12-16979217"]
[Result "1-0"]
[ICCResult "Black checkmated"]
[WhiteElo "443"]
[BlackElo "670"]
[Opening "Giuoco Piano"]
[ECO "C50"]
[NIC "IG.02"]
[Time "13:04:52"]
[PlyCount "113"]
[TimeControl "1500+5"]

1. e4 e5 2. Nf3 Nc6 3. Bc4 Bc5 4. O-O Nf6 5. Ng5 O-O 6. Nc3 d6 7. d3 Bg4 8.
Qd2 h6 9. h3 hxg5 10. hxg4 Nxg4 11. Qxg5 Qxg5 12. Bxg5 Nb4 13. a3 Nxc2 14.
Rac1 Nd4 15. Be3 d5 16. exd5 Rae8 17. b4 Ne2+ 18. Nxe2 Bxe3 19. fxe3 Nxe3
20. Rf3 Nxc4 21. Rxc4 b5 22. Rxc7 e4 23. dxe4 Rxe4 24. Kf2 Rfe8 25. Ng3 Re1
26. d6 Rd1 27. d7 Rd2+ 28. Kg1 Rd8 29. Rc8 Rxd7 30. Rxd8+ Rxd8 31. Ne4 a6
32. Nc5 Ra8 33. Rd3 f5 34. Rd6 Re8 35. Nxa6 Kf7 36. Nc7 Re1+ 37. Kf2 Ra1
38. Nxb5 Ra2+ 39. Kf3 g6 40. Ra6 Kg7 41. a4 Kh6 42. a5 Kh5 43. Rd6 g5 44.
a6 g4+ 45. Kf4 Rf2+ 46. Kg3 Ra2 47. a7 Rxa7 48. Nxa7 Kg5 49. Rd5 Kg6 50. b5
Kf7 51. Rxf5+ Kg6 52. Kxg4 Kh6 53. b6 Kg6 54. b7 Kh6 55. b8=Q Kg6 56. Qg8+
Kh6 57. Rh5# { Black checkmated } 1-0

[Event "ICC tourney 2532 (25 5)"]
[Site "Internet Chess Club"]
[Date "2021.04.25"]
[Round "6"]
[White "DUSK RUBENSTEIN, OLIVER:K12-14452644"]
[Black "SHAHIR, PRATYUSH:K12-15111678"]
[Result "0-1"]
[ICCResult "White resigns"]
[WhiteElo "660"]
[BlackElo "1295"]
[Opening "Mieses opening"]
[ECO "A00"]
[NIC "VO.13"]
[Time "13:01:42"]
[PlyCount "69"]
[TimeControl "1500+5"]

1. d3 e5 2. Nf3 Nc6 3. g3 d5 4. Bg2 Nf6 5. O-O Be7 6. e4 dxe4 7. dxe4 Bg4
8. Qxd8+ Rxd8 9. Nc3 Bxf3 10. Bxf3 Nd4 11. Bd1 Bb4 12. f3 Bxc3 13. bxc3 Nb5
14. c4 Nc3 15. Bb2 Nxd1 16. Raxd1 Nd7 17. f4 exf4 18. gxf4 O-O 19. Kf2 Nc5
20. Kf3 Rfe8 21. e5 Na6 22. a3 Nb8 23. Rd4 Nc6 24. Rd5 Ne7 25. Rd3 Nc6 26.
Rfd1 Rxd3+ 27. cxd3 Rd8 28. Ke4 Na5 29. Rg1 Nb3 30. e6 Nc5+ 31. Ke5 Nxd3+
32. Ke4 Nxb2 33. exf7+ Kxf7 34. Rb1 Na4 35. Rb6 { White resigns } 0-1

[Event "ICC tourney 2532 (25 5)"]
[Site "Internet Chess Club"]
[Date "2021.04.25"]
[Round "6"]
[White "PALLIYATH, YUVRAJ:K12-17213791"]
[Black "TRSTENJACK, NOAH:K12-16996473"]
[Result "0-1"]
[ICCResult "White checkmated"]
[WhiteElo "473"]
[BlackElo "1241"]
[Opening "two knights defense: Wilkes Barre (Traxler) variation"]
[ECO "C57"]
[NIC "KP.01"]
[Time "13:01:05"]
[PlyCount "68"]
[TimeControl "1500+5"]

1. e4 e5 2. Nf3 Nc6 3. Bc4 Nf6 4. Ng5 Bc5 5. Bxf7+ Kf8 6. Bb3 d5 7. d3 Nd4
8. Be3 Nxb3 9. axb3 Bxe3 10. fxe3 Ng4 11. O-O+ Kg8 12. Qf3 Qf6 13. Nd2 h6
14. Nh3 Kh7 15. exd5 Bd7 16. Ne4 Qb6 17. Rae1 Rhf8 18. Qg3 Rxf1+ 19. Kxf1
Rf8+ 20. Kg1 a5 21. Nc3 Bf5 22. Kh1 Qc5 23. e4 Bd7 24. Ng1 b5 25. Rc1 Nf2+
26. Qxf2 Rxf2 27. Nf3 b4 28. Nxe5 bxc3 29. Nxd7 cxb2 30. Rb1 Qxc2 31. Rg1
b1=Q 32. h3 Rf1 33. Rxf1 Qxf1+ 34. Kh2 Qcxg2# { White checkmated } 0-1

[Event "ICC tourney 2532 (25 5)"]
[Site "Internet Chess Club"]
[Date "2021.04.25"]
[Round "6"]
[White "GNANAKUMAR, SATHYA:K12-14762706"]
[Black "HUANG, ANDY:K12-14633373"]
[Result "1/2-1/2"]
[ICCResult "Game drawn by mutual agreement"]
[WhiteElo "1960"]
[BlackElo "2334"]
[Opening "Scandinavian (center counter) defense"]
[ECO "B01"]
[NIC "SD.02"]
[Time "13:10:50"]
[PlyCount "66"]
[TimeControl "1500+5"]

1. e4 d5 2. exd5 Qxd5 3. Nc3 Qd8 4. Nf3 c6 5. d4 Bf5 6. Bd3 Bxd3 7. Qxd3 e6
8. Bf4 Nf6 9. O-O-O Nbd7 10. Ne5 Nxe5 11. dxe5 Qxd3 12. Rxd3 Nd5 13. Nxd5
cxd5 14. Bg5 Rc8 15. Rb3 Rc7 16. f4 h6 17. Bh4 Rg8 18. Rf1 g6 19. g4 g5 20.
fxg5 hxg5 21. Bg3 Rh8 22. Rbf3 Bg7 23. Kd2 Rf8 24. c3 Rc4 25. h3 Re4 26.
Re3 Rxe3 27. Kxe3 Rh8 28. Rh1 Ke7 29. Kd4 Rc8 30. b3 f6 31. Re1 Rh8 32. Rh1
Rc8 33. Re1 Rh8 { Game drawn by mutual agreement } 1/2-1/2

[Event "ICC tourney 2532 (25 5)"]
[Site "Internet Chess Club"]
[Date "2021.04.25"]
[Round "6"]
[White "KUMARAPPAN, GANESH:K12-14920281"]
[Black "KUSHALNAGAR, NIRUPAM:K12-17349316"]
[Result "1-0"]
[ICCResult "Black resigns"]
[WhiteElo "2004"]
[BlackElo "1328"]
[Opening "Sicilian: Nimzovich-Rossolimo attack (without ...d6)"]
[ECO "B30"]
[NIC "SI.31"]
[Time "13:01:04"]
[PlyCount "47"]
[TimeControl "1500+5"]

1. e4 c5 2. Nf3 Nc6 3. Bb5 d6 4. O-O Bd7 5. c4 e5 6. Nc3 Nf6 7. Bxc6 bxc6
8. d3 Be6 9. Ng5 Bg4 10. f3 Bd7 11. f4 Bg4 12. Qa4 Qc7 13. fxe5 dxe5 14. h3
Bd7 15. Be3 h6 16. Nf3 Be6 17. Nxe5 Rd8 18. Qxc6+ Qxc6 19. Nxc6 Rxd3 20.
Rfd1 Bxc4 21. b3 Ba6 22. Rxd3 Bxd3 23. Rd1 Kd7 24. Ne5+ { Black resigns }
1-0

[Event "ICC tourney 2532 (25 5)"]
[Site "Internet Chess Club"]
[Date "2021.04.25"]
[Round "6"]
[White "CARMINA, JONATHAN:K12-15466693"]
[Black "BHOWMIK, AKASH:K12-14722632"]
[Result "0-1"]
[ICCResult "White checkmated"]
[WhiteElo "1183"]
[BlackElo "1736"]
[Opening "Giuoco Pianissimo: Italian four knights variation"]
[ECO "C50"]
[NIC "IG.02"]
[Time "13:05:08"]
[PlyCount "166"]
[TimeControl "1500+5"]

1. e4 e5 2. Nf3 Nc6 3. Bc4 Bc5 4. Nc3 Nf6 5. d3 h6 6. Be3 Bb6 7. Qd2 d6 8.
d4 exd4 9. Nxd4 Nxd4 10. Bxd4 Be6 11. Bb5+ c6 12. Ba4 O-O 13. Be3 Ba5 14.
Bf4 Nxe4 15. Qd3 Re8 16. O-O Nxc3 17. bxc3 d5 18. Qg3 Qf6 19. Be5 Qg5 20.
Qxg5 hxg5 21. Rae1 a6 22. Re3 f6 23. Bd4 Bf7 24. Rb1 b5 25. Bb3 Rxe3 26.
fxe3 Bc7 27. Bc5 Be5 28. Bd4 Bd6 29. Bb6 Rb8 30. Ba5 Bc5 31. Re1 Re8 32.
Kf2 f5 33. Bb4 Bb6 34. a4 f4 35. a5 Bxe3+ 36. Kf1 Bh5 37. Bd6 Kf7 38. Bc7
Bd2 39. Rxe8 Kxe8 40. Be5 Kf7 41. h3 g4 42. Ke2 gxh3+ 43. Kxd2 h2 44. Bxf4
h1=Q 45. g3 Qd1+ 46. Ke3 Qe2+ 47. Kd4 Qe4+ 48. Kc5 Qe8 49. Bd6 Bg4 50. Kb6
Bc8 51. c4 dxc4 52. Ba2 Qe3+ 53. Bc5 Qxg3 54. c3 Qb8+ 55. Kxc6 Qb7+ 56. Kd6
Qd7+ 57. Ke5 Qe6+ 58. Kd4 Bb7 59. Bb4 Qd5+ 60. Ke3 Qe4+ 61. Kd2 Qg2+ 62.
Ke3 Qxa2 63. Kd4 Qd2+ 64. Kc5 Ke7 65. Kb6+ Kd8 66. Kxb7 Qd7+ 67. Kb6 Qe6+
68. Kc5 g5 69. Kd4 g4 70. Be7+ Qxe7 71. Kd5 Qd7+ 72. Kc5 Qa7+ 73. Kd6 g3
74. Ke5 g2 75. Ke4 g1=Q 76. Ke5 Qe7+ 77. Kf5 Qf1+ 78. Kg6 Qff6+ 79. Kh5
Qee5+ 80. Kg4 Qff4+ 81. Kh3 Qee3+ 82. Kg2 Qff2+ 83. Kh1 Qee1# { White
checkmated } 0-1

[Event "ICC tourney 2532 (25 5)"]
[Site "Internet Chess Club"]
[Date "2021.04.25"]
[Round "6"]
[White "VANDERKOLK, ETHAN:K12-15405072"]
[Black "MICHAEL RODRIGUEZ, BRADLEY:K12-14653376"]
[Result "1-0"]
[ICCResult "Black checkmated"]
[WhiteElo "1088"]
[BlackElo "1609"]
[Opening "QGD: 4.Nf3"]
[ECO "D37"]
[NIC "EO.64"]
[Time "13:00:06"]
[PlyCount "79"]
[TimeControl "1500+5"]

1. c4 e6 2. Nc3 Nf6 3. Nf3 d5 4. d4 Be7 5. cxd5 Nxd5 6. e4 Nxc3 7. bxc3 c5
8. Bb5+ Bd7 9. Bxd7+ Qxd7 10. O-O O-O 11. Ne5 Qc7 12. Bf4 Bd6 13. Qg4 Re8
14. Nd3 Bxf4 15. Nxf4 cxd4 16. cxd4 Qe7 17. d5 e5 18. Nd3 Nd7 19. Rac1 Rac8
20. Rxc8 Rxc8 21. Nxe5 Qxe5 22. Qxd7 Qc7 23. Qxc7 Rxc7 24. Rd1 Kf8 25. f4
Ke8 26. e5 Kd7 27. f5 g6 28. f6 Ke8 29. e6 b6 30. d6 Rd7 31. exd7+ Kxd7 32.
Re1 Kxd6 33. Re7 Kc5 34. Rxa7 Kb4 35. Rxf7 b5 36. Rb7 Ka4 37. f7 b4 38.
f8=Q Ka3 39. Qxb4+ Kxa2 40. Qb2# { Black checkmated } 1-0

[Event "ICC tourney 2532 (25 5)"]
[Site "Internet Chess Club"]
[Date "2021.04.25"]
[Round "6"]
[White "HUANG, ANDREW:K12-15187612"]
[Black "NATHAN, KAPIL:K12-15120535"]
[Result "1/2-1/2"]
[ICCResult "Game drawn by mutual agreement"]
[WhiteElo "1967"]
[BlackElo "1394"]
[Opening "Trompowsky attack (Ruth, Opocenský opening)"]
[ECO "A45"]
[NIC "QP.07"]
[Time "13:00:20"]
[PlyCount "63"]
[TimeControl "1500+5"]

1. d4 Nf6 2. Bg5 d5 3. Bxf6 exf6 4. e3 Bf5 5. Nf3 Bd6 6. Nh4 Be6 7. Bd3 g6
8. Nd2 O-O 9. c3 c6 10. Ndf3 Qd7 11. Qc2 f5 12. g3 Qe7 13. Ng2 Nd7 14. Nf4
Nf6 15. Ng5 Ne4 16. Nxe4 fxe4 17. Be2 Bxf4 18. gxf4 Qh4 19. Bf1 Bg4 20. Be2
f5 21. h3 Bxe2 22. Qxe2 a5 23. O-O-O b5 24. Kb1 Rfb8 25. Rc1 Qf6 26. Rhd1
Qd6 27. Qd2 Qf6 28. Qe2 a4 29. Qd2 a3 30. b3 Qe7 31. Qe2 Qh4 32. Rh1 { Game
drawn by mutual agreement } 1/2-1/2

[Event "ICC tourney 2532 (25 5)"]
[Site "Internet Chess Club"]
[Date "2021.04.25"]
[Round "6"]
[White "LIU, LEONARDO:K12-14879663"]
[Black "MUKHERJEE, ADITYA:K12-15344130"]
[Result "1-0"]
[ICCResult "Black resigns"]
[WhiteElo "2042"]
[BlackElo "1434"]
[Opening "Caro-Kann: two knights variation"]
[ECO "B11"]
[NIC "CK.01"]
[Time "13:02:02"]
[PlyCount "57"]
[TimeControl "1500+5"]

1. e4 c6 2. Nc3 d5 3. Nf3 e6 4. exd5 cxd5 5. d4 Be7 6. Bd3 Nf6 7. O-O O-O
8. Ne2 Nbd7 9. c3 b6 10. h3 Bd6 11. Bf4 Qc7 12. Bxd6 Qxd6 13. Ng3 Bb7 14.
Re1 a5 15. Ne5 Ba6 16. Bc2 b5 17. Re3 h6 18. f4 b4 19. Qe1 Qc7 20. f5 Rfe8
21. Rc1 Qb7 22. fxe6 fxe6 23. Bg6 Re7 24. Nxd7 Qxd7 25. Nf5 Rae8 26. Nxe7+
Rxe7 27. cxb4 a4 28. Bf5 exf5 29. Rxe7 { Black resigns } 1-0

[Event "ICC tourney 2532 (25 5)"]
[Site "Internet Chess Club"]
[Date "2021.04.25"]
[Round "6"]
[White "MATTA, KISNA:K12-14874247"]
[Black "VINAY HIREMATH, ROMIR:K12-16455165"]
[Result "0-1"]
[ICCResult "White checkmated"]
[WhiteElo "1843"]
[BlackElo "1191"]
[Opening "Queen's gambit declined"]
[ECO "D30"]
[NIC "QP.08"]
[Time "13:01:04"]
[PlyCount "114"]
[TimeControl "1500+5"]

1. d4 d5 2. c4 e6 3. Nf3 Nf6 4. g3 Nc6 5. Bg2 Bb4+ 6. Bd2 Bxd2+ 7. Nbxd2
O-O 8. O-O Re8 9. e3 h6 10. Ne5 Nxe5 11. dxe5 Nd7 12. f4 Nb6 13. Rc1 d4 14.
e4 c5 15. b4 Qc7 16. bxc5 Nd7 17. Nb3 Nxc5 18. Qxd4 Nxb3 19. axb3 Rd8 20.
Qc3 b6 21. f5 Bb7 22. Rce1 Qc5+ 23. Kh1 Rd7 24. fxe6 fxe6 25. Bh3 Re8 26.
Rf4 Rd4 27. Bg2 Red8 28. Ref1 Qxe5 29. Qf3 Rd3 30. Rf8+ Rxf8 31. Qxf8+ Kh7
32. Qf4 Qxf4 33. gxf4 Rxb3 34. Rc1 a5 35. h3 a4 36. c5 bxc5 37. Rxc5 a3 38.
Ra5 g5 39. f5 exf5 40. exf5 Rb1+ 41. Kh2 Rb2 42. Rxa3 Rxg2+ 43. Kh1 Ra2+
44. Kg1 Rxa3 45. f6 Rf3 46. f7 Rxf7 47. h4 gxh4 48. Kh2 Kg6 49. Kh3 Kg5 50.
Kh2 Rf2+ 51. Kh3 Bg2+ 52. Kh2 Bf3+ 53. Kg1 Rg2+ 54. Kh1 Ra2+ 55. Kg1 h3 56.
Kf1 h2 57. Ke1 h1=Q# { White checkmated } 0-1